 Dungeon Crawl Stone Soup version 0.28-a0-439-g4cf4cd4993 (webtiles) character file.

Game seed: 6924121790045652121

1723 Astera the Covered (level 9, -3/69 HPs)
             Began as a Formicid Fighter on Sept 11, 2021.
             Slain by a two-headed ogre (15 damage)
             ... on level 5 of the Dungeon.
             The game lasted 00:31:57 (14163 turns).

Astera the Covered (Formicid Fighter)              Turns: 14163, Time: 00:31:57

Health: -3/69      AC: 10    Str: 21    XL:     9   Next: 25%
Magic:  9/9        EV:  8    Int:  9    God:
Gold:   336        SH:  9    Dex: 12    Spells: 8/8 levels left

rFire   . . .      SeeInvis +   a - +0 long sword
rCold   + . .      Faith    .   j - +0 kite shield
rNeg    . . .      Spirit   .   o - +0 chain mail
rPois   .          Reflect  .   (helmet unavailable)
rElec   .          Harm     .   (no cloak)
rCorr   .          Rampage  .   (no gloves)
Will    +....                   (no boots)
Stlth   ..........              d - amulet of the acrobat
HPRegen 0.21/turn               p - ring of protection from cold
MPRegen 0.11/turn               s - ring of willpower

@: no status effects
A: permanent stasis, dig shafts and tunnels, antennae 3, four strong arms
a: Dig, Shaft Self


You were on level 5 of the Dungeon.
You visited 1 branch of the dungeon, and saw 6 of its levels.

You collected 336 gold pieces.

Inventory:

Hand Weapons
 a - a +0 long sword (weapon)
Missiles
 h - 11 javelins (quivered)
 n - 2 throwing nets
Armour
 g - a +0 plate armour
 j - a +0 kite shield (worn)
 o - a +0 chain mail (worn)
Jewellery
 d - an amulet of the acrobat (around neck)
 m - a ring of resist corrosion
 p - a ring of protection from cold (left hand)
 q - a ring of fire
 s - a ring of willpower (right hand)
Wands
 b - a wand of polymorph (8)
 u - a wand of iceblast (6)
 v - a wand of digging (5)
Scrolls
 c - a scroll of identify
 f - a scroll of enchant weapon
 l - a scroll of torment {unknown}
 r - a scroll of holy word {unknown}
 t - a scroll of fear {unknown}
 w - a scroll of blinking {unknown}
Potions
 e - 2 potions of brilliance
 i - a potion of attraction
 k - a potion of curing


   Skills:
 + Level 5.6 Fighting
 + Level 6.6 Long Blades
 + Level 0.7 Throwing
 + Level 7.3 Armour
 + Level 2.4 Dodging
 + Level 0.9 Stealth
 + Level 6.5 Shields


You had 8 spell levels left.
You didn't know any spells.
Your spell library was empty.

Dungeon Overview and Level Annotations

Branches:
Dungeon (6/15)
 Temple: D:4-7

Altars:
Elyvilon
Gozag
Sif Muna

Shops:
D:5 *

Annotations:
D:4 Prince Ribbit


Innate Abilities, Weirdness & Mutations

You cannot be hasted, slowed, berserked, paralysed or teleported.
You can dig through walls and to a lower floor.
You have a pair of large antennae on your head. (SInv)
Your four strong arms can wield two-handed weapons with a shield.


Message History

There is a stone staircase leading down, spattered with blood here.
Things that are here:
a +2 robe of willpower; a +3 dagger of electrocution; the elf skeleton of Dowan
There is a stone staircase leading up, spattered with blood here.
You climb upwards.
Level annotation: Prince Ribbit
There is a stone staircase leading down here.
You see here a potion of haste.
You start resting.
HP restored.
You climb downwards.
You block the two-headed ogre's attack. The two-headed ogre barely misses you.
There is a stone staircase leading up, spattered with blood here.
You slash the two-headed ogre!
The two-headed ogre is lightly wounded.
The two-headed ogre hits you but does no damage.
You block the two-headed ogre's attack.
You hit the two-headed ogre but do no damage.
The two-headed ogre is lightly wounded.
The two-headed ogre hits you with a +0 giant club!
You block the two-headed ogre's attack.
You slash the two-headed ogre!
The two-headed ogre is heavily wounded.
The two-headed ogre hits you with a +0 giant club!
The two-headed ogre hits you with a +0 giant club.
You hit the two-headed ogre.
The two-headed ogre is heavily wounded.
You slash the two-headed ogre!
The two-headed ogre is severely wounded.
The two-headed ogre hits you with a +0 giant club!
The two-headed ogre completely misses you.
You slash the two-headed ogre!
The two-headed ogre is severely wounded.
The two-headed ogre hits you with a +0 giant club!!
* * * LOW HITPOINT WARNING * * *
The two-headed ogre closely misses you.
You slash the two-headed ogre!
The two-headed ogre is almost dead.
The two-headed ogre hits you with a +0 giant club!
You die...

#.........##..........### #.#
#.........##..##.####...####.#
#.............##.# ###...##.####
##.#.######....#.# #..........#
##.#.# ##.....#####.....)....#
#..#.# #..##.(>)##..........#
#.##.# #..##.##)##..........#
..##.#######...#.##.##..........#
...............#@##.#############
##...[..[......O.##.>..O......###
##....(......#...############....
.............#..[# #####...
####.........##..## ##....... ##
#.........###..# #.O######
####.........# ##.## #.##
_'[..........# #..## ##.#
'###..<......# ##..# #.{#


You could see a two-headed ogre.

Vanquished Creatures
  Grinder (D:3)
  Sigmund (D:2)
  Duvessa (D:6)
  3 centaurs
  A phantom (D:5)
  2 kobold brigands
  A scorpion (D:4)
  Dowan (D:5)
  A water moccasin skeleton (D:6)
  A howler monkey (D:5)
  A bullfrog zombie (D:6)
  2 hounds (D:4)
  A centaur zombie (D:4)
  A centaur skeleton (D:6)
  A gnoll shaman (D:5)
  An orc priest (D:6)
  A bullfrog skeleton (D:5)
  2 iguanas
  A scorpion zombie (D:5)
  3 howler monkey zombies
  8 gnolls
  10 adders
  3 ufetubi
  A worm (D:4)
  3 dart slugs
  5 orcs
  8 ball pythons
  4 bats
  8 endoplasms
  3 giant cockroaches
  5 hobgoblins
  A jackal (D:2)
  17 kobolds
  A quokka (D:2)
  3 frilled lizards
  8 goblins
  3 rats
118 creatures vanquished.

Notes
Turn   | Place    | Note
-------+----------+-------------------------------------------
     0 | D:1      | Astera the Formicid Fighter began the quest for the Orb.
     0 | D:1      | Reached XP level 1. HP: 18/18 MP: 1/1
    76 | D:1      | Found a faded altar of an unknown god.
    87 | D:1      | Became a worshipper of Sif Muna the Loreminder
    87 | D:1      | Reached * piety under Sif Muna
    88 | D:1      | Fell from the grace of Sif Muna
   182 | D:1      | Reached XP level 2. HP: 24/24 MP: 2/2
   580 | D:1      | Reached XP level 3. HP: 28/29 MP: 3/3
  1321 | D:2      | Noticed Sigmund
  1446 | D:2      | Reached skill level 1 in Dodging
  1486 | D:2      | Reached XP level 4. HP: 31/37 MP: 4/4
  2782 | D:3      | Found a white marble altar of Elyvilon.
  3240 | D:3      | Noticed Grinder
  3515 | D:4      | Reached skill level 4 in Armour
  3526 | D:4      | Reached XP level 5. HP: 18/42 MP: 5/5
  3985 | D:4      | Reached XP level 6. HP: 30/48 MP: 6/6
  4515 | D:5      | Entered Level 5 of the Dungeon
  4883 | D:4      | Reached XP level 7. HP: 30/54 MP: 7/7
  5444 | D:5      | Reached skill level 5 in Armour
  5681 | D:5      | HP: 1/54 [gnoll (8)]
  6216 | D:4      | Reached skill level 5 in Shields
  6328 | D:5      | Found an opulent altar of Gozag.
  6489 | D:5      | Noticed Prince Ribbit
  6615 | D:5      | Was forgiven by Sif Muna
  6776 | D:5      | HP: 2/55 [gnoll/stone (5)]
  7053 | D:5      | Noticed a two-headed ogre
  9211 | D:5      | Found Kaish's Gadget Gallery.
  9286 | D:6      | Noticed Duvessa
  9286 | D:6      | Noticed Dowan
  9312 | D:5      | Reached XP level 8. HP: 45/61 MP: 8/8
  9717 | D:6      | Reached skill level 5 in Long Blades
  9913 | D:5      | HP: 3/61 [two-headed ogre (23)]
  9914 | D:5      | HP: 1/61 [two-headed ogre (3)]
 11099 | D:2      | Killed Sigmund
 11100 | D:2      | Reached skill level 6 in Armour
 11590 | D:3      | Killed Grinder
 11591 | D:3      | Reached skill level 5 in Fighting
 11890 | D:3      | Found a white marble altar of Elyvilon.
 12676 | D:5      | Reached XP level 9. HP: 48/68 MP: 9/9
 12832 | D:6      | Reached skill level 7 in Armour
 13199 | D:6      | Killed Duvessa
 13527 | D:5      | Killed Dowan
 14163 | D:5      | Slain by a two-headed ogre

Illustrated notes

Levels and vault maps discovered:
D:1:      scummos_arrival_hexagon, layout_loops_cross,
          hellmonk_ecumenical_altar_zigzags, st_stairs_2
D:2:      layout_loops_ring, minmay_split_cup_small, uniq_sigmund
D:3:      layout_rooms, elyvilon_altar_3, lemuel_flame_loot_1, uniq_grinder
D:4:      layout_loops_ring
D:5:      layout_rooms, lemuel_doored_altar, st_stairs_14, nicolae_shop_gadgets,
          uniq_prince_ribbit1
D:6:      layout_basic, uniq_duvessa

Skill      XL: |  1  2  3  4  5  6  7  8  9 |
---------------+----------------------------+-----
Dodging        | 1 2 |  2.4
Shields        | 4 5 6 |  6.5
Armour         | 4 5 6 7 |  7.3
Long Blades    | 3 4 6 |  6.6
Fighting       | 4 5 |  5.6
Throwing       | |  0.7
Stealth        | |  0.9

Action                   |  1- 3 |  4- 6 |  7- 9 || total
-------------------------+-------+-------+-------++-------
Melee: Long sword        |    91 |   175 |   348 ||   614
Throw: Javelin           |       |       |     8 ||     8
Invok: Renounce Religion |     1 |       |       ||     1
  Use: Scroll            |       |     4 |     3 ||     7
       Potion            |       |     2 |     3 ||     5
Armor: Scale mail        |    44 |    89 |    27 ||   160
       Chain mail        |       |       |   115 ||   115
Dodge: Dodged            |    48 |   110 |   196 ||   354
Block: Buckler           |    26 |    58 |    30 ||   114
       Kite shield       |       |       |   153 ||   153

Table legend: (Time is in decaauts)
 A = Elapsed time spent in this place.
 B = Non-inter-level travel time spent in this place.
 C = Inter-level travel time spent in this place.
 D = Time resting spent in this place.
 E = Time spent auto-exploring this place.
 F = Levels seen in this place.
 G = Mean time per level.
                   A        B        C        D        E       F      G
               +--------+--------+--------+--------+--------+-----+--------+
         Total |  14368 |  13669 |    699 |   7047 |   3526 |   6 | 2394.7 |
       Dungeon |  14368 |  13669 |    699 |   7047 |   3526 |   6 | 2394.7 |
               +--------+--------+--------+--------+--------+-----+--------+

Top non-repeatable levels by time:
     D:4: 4712 daAuts
     D:5: 3636 daAuts
     D:3: 2530 daAuts
     D:2: 1849 daAuts
     D:1: 954 daAuts
     D:6: 685 daAuts
